 Dungeon Crawl Stone Soup version 0.28-a0-479-g5baa6b73be (webtiles) character file.

Game seed: 2760772381607219661

1190 RandomusNamus the Magician (level 8, -4/58 HPs)
             Began as a Djinni Fire Elementalist on Sept 17, 2021.
             Was a Follower of Makhleb.
             Slain by Eustachio (9 damage)
             ... on level 5 of the Dungeon.
             The game lasted 00:09:36 (7797 turns).

RandomusNamus the Magician (DjFE)                   Turns: 7797, Time: 00:09:37

Health: -4/58      AC:  4    Str:  3    XL:     8   Next: 71%
Gold:   182        EV: 12    Int: 19    God:    Makhleb [*.....] SH:  0 Dex: 14

rFire   + + .      SeeInvis .   v - +1 rapier (venom)
rCold   + + .      Faith    .   (no shield)
rNeg    . . .      Spirit   .   z - +2 leather armour of the Albatross {Fly rElec rC+++ Str-4}
rPois   ∞          Reflect  .   x - +1 helmet
rElec   +          Harm     .   y - +0 cloak
rCorr   .          Rampage  .   (no gloves)
Will    .....                   (boots unavailable)
Stlth   ++........              (no amulet)
HPRegen 0.19/turn               (no ring)
MPRegen 0.00/turn               (no ring)

@: about to teleport, corroded, flying
A: sickness immunity, fire resistance 2, cold vulnerability 1, float, innate
caster, hp casting, extra vitality 1
a: Renounce Religion


You were on level 5 of the Dungeon.
You worshipped Makhleb.
Makhleb was aware of your devotion.
You visited 1 branch of the dungeon, and saw 5 of its levels.

You collected 182 gold pieces.


Innate Abilities, Weirdness & Mutations

You are immune to sickness and miasma.
You are immune to poison.
Your flesh is very heat resistant. (rF++)
You are vulnerable to cold. (rC-)
You float through the air rather than walking.
You learn spells naturally, not from books.
Your magical power is your life essence.
You have superior vitality. (+4 HP)


   Skills:
 + Level 4.1 Fighting
 + Level 4.1 Armour
 + Level 5.1 Dodging
 - Level 1.5 Stealth
 * Level 5.3 Spellcasting


You couldn't memorise any spells.
You knew the following spells:

 Your Spells              Type           Power      Damage    Failure   Level
a - Foxfire               Conj/Fire      100%       2x1d9     2%          1
b - Scorch                Fire           50%        2d7       3%          2
c - Conjure Flame         Conj/Fire      25%        6-21      8%          3
d - Inner Flame           Hex/Fire       25%        N/A       8%          3
e - Flame Wave            Conj/Fire      25%        3d6       24%         4
f - Summon Small Mammal   Summ           100%       N/A       2%          1
g - Call Imp              Summ           25%        N/A       3%          2
B - Blink                 Tloc           N/A        N/A       3%          2
Your spell library was empty.

Inventory:

Hand Weapons
 v - a +1 rapier of venom (weapon)
   (You took it off Duvessa on level 4 of the Dungeon)
Armour
 a - a +0 robe
 l - a +0 pair of boots
   (You found it on level 3 of the Dungeon)
 r - a +0 pair of boots
   (You found it on level 4 of the Dungeon)
 x - a +1 helmet (worn)
   (You found it on level 4 of the Dungeon)
 y - a +0 cloak (worn)
   (You took it off Crazy Yiuf on level 4 of the Dungeon)
 z - the +2 leather armour of the Albatross (worn) {Fly rElec rC+++ Str-4}
   (You found it on level 4 of the Dungeon)

   Str:       It affects your strength (-4).
   rC:        It renders you almost immune to cold.
   rElec:     It insulates you from electricity.
   Fly:       It grants you flight.
Jewellery
 f - a ring of protection from fire {rF+, !d}
   (You found it on level 3 of the Dungeon)
 j - an amulet of the acrobat
   (You found it on level 2 of the Dungeon)
 n - a ring of positive energy {rN+}
   (You found it on level 1 of the Dungeon)
Wands
 h - a wand of flame (8)
   (You found it on level 2 of the Dungeon)
 q - a wand of acid (10)
   (You found it on level 4 of the Dungeon)
 s - a wand of iceblast (7)
   (You found it on level 4 of the Dungeon)
 u - a wand of polymorph (1)
   (You took it off Duvessa on level 4 of the Dungeon)
Scrolls
 b - 3 scrolls of identify {!r}
 m - 2 scrolls of enchant armour {!r}
 o - a scroll of magic mapping {!r}
Potions
 c - 3 potions of heal wounds {unknown}
 d - 4 potions of curing {unknown}
 g - 2 potions of flight {unknown}
 w - a potion of haste {unknown}

Dungeon Overview and Level Annotations

Branches:
Dungeon (5/15)
 Temple: D:4-7

Altars:
Makhleb
Trog
Zin

Annotations:
D:5 Edmund, Eustachio, Menkaure

##@J)#######
##.#
#@###......#
#.#
......M@#
#.####.# #.#
.##.###.#
#.#
#.#####.#
##. §##
#.#.....#
...
####.#.#####
...
#.......#
#..#
#)#####.#
#..# # #.#
#.# #.# #.#
..# ###


You could see Edmund (inner flame), Eustachio (inner flame), Menkaure and a
jelly (inner flame).


Message History

Thin's tha be butt: a +0 short sword; an orc corpse Thin's tha be butt: a +0 trident; an orc corpse Items 'ere: ))) [[[!
Found a run'd flail!
Ye set off tha alarm!!!
A sentinel's mark forms upon ye!
Ye hear a shout!!! x3
Unknown command!
Found 18 stones!
Ye conjure some foxfire!!!
An ogre comes inta view!
It be wieldin' a +0 giant club!
Damage: -1%(-1hp) hp: 99%(57hp) Ye conjure some foxfire!!!
Tha foxfire hits tha ogre!
Tha ogre be lightly wounded!
Damage: -2%(-1hp) hp: 97%(56hp) Unknown command!
Ye conjure some foxfire!!!
Tha foxfire hits tha ogre!!!
Tha ogre be moderately wounded!
Unknown command!
Thar be na enough space ta conjure foxfire!!!
Unknown command!
Thar be na enough space ta conjure foxfire!!!
Unknown command!
Thar be na enough space ta conjure foxfire!!!
Unknown command!
Castin': Foxfire (safe; 2% risk o' butt) Confirm wit' ! or Enter, or press ? or * ta list all spells!
Flames lash tha ogre!
Tha ogre be severely wounded!
Tha ogre's fire resistance burns away!
A jelly comes inta view!
Butt: -3%(-2hp) hp: 94%(54hp) Unknown command!
Unknown command!
Unknown command!
Castin': Scorch (safe; 4% risk o' failure) Confirm wit' ! or Enter, or press ? or * ta list all spells!
Flames lash tha ogre!
Tha ogre be burn'd terribly!!!
Ye annihilate tha ogre!!!
Ye feel better!
Yer Fightin' skill increases ta level 4!!!
Yer Armour skill increases ta level 4!!!
Unknown command!
Ye see 'ere a +0 butt club!
Unknown command!
Unknown command!
Ye conjure some foxfire!!!
Damage: -2%(-1hp) hp: 95%(55hp) Unknown command!
Thar be na enough space ta conjure foxfire!!!
Unknown command!
Thar be na enough space ta conjure foxfire!!!
Thar be na enough space ta conjure foxfire!!!
Tha butt hits tha jelly!
Tha butt-ly be lightly wounded!
Tha foxfire hits tha jelly!!!
Tha jelly be heavily wounded!
Edmund tha Younger comes inta view! 'e be wieldin' a +3 flail o' drainin'!
Ye conjure some butt!!!
Damage: -2%(-1hp) hp: 95%(55hp) Tha foxfire hits tha jelly!
Tha jelly be almost dead!
Tha foxfire butts tha jelly!
Ye annihilate tha jelly!!!
Unknown command!
Ye conjure some butt!!!
Damage: -1%(-1hp) hp: 94%(54hp) Tha foxfire hits Edmund!
Edmund be lightly wounded!
Unknown command!
Ye conjure some foxfire!!!
Tha foxfire hits Edmund but does nay damage!
Edmund be lightly wounded!
An orc comes inta view!
It be butt a +0 hand axe!
Ye conjure some foxfire!!!
Edmund hits ye wit' a +3 flail o' drainin'!
Damage: -12%(-7hp) hp: 82%(47hp) Tha foxfire hits tha orc!!!
Tha orc be almost dead!
Tha foxfire hits tha orc!
Ye annihilate tha orc!!!
Edmund hits ye wit' a +3 flail o' drainin'!
Damage: -2%(-1hp) hp: 80%(46hp) Unknown command!
Unknown command!
Castin': Foxfire (safe; 2% risk o' failure) Confirm wit' ! or Enter, or press ? or * ta list all spells!
Flames lash Edmund!
Edmund be lightly wounded!
Edmund's fire resistance burns away!
Edmund hits ye wit' a +3 flail o' drainin'!!!
* * * LOW HITPOINT WARNIN'
* * * Damage: -16%(-9hp) hp: 64%(37hp) Unknown command!
Unknown command!
Unknown command!
Castin': Scorch (safe; 3% risk o' failure) Butt wit' ! or Enter, or press ? or * ta list all spells!
Flames lash tha hound zombie!
Ye destroy tha hound zombie!!!
Ye feel better!
* * * LOW HITPOINT WARNIN'
* * * Edmund hits ye wit' a +3 flail o' drainin'!
* * * LOW HITPOINT WARNIN'
* * * A jelly comes inta view!
Damage: -1%(-1butt) hp: 63%(36hp) Unknown command!
Unknown command!
Unknown command!
Castin': Scorch (safe; 3% risk o' failure) Confirm wit' ! or Enter, or press ? or * ta list all spells!
Flames lash Butt!
Edmund be burn'd terribly!!!
Edmund be moderately wounded!
* * * LOW HITPOINT WARNIN'
* * * Edmund hits ye wit' a +3 flail o' drainin'!!!
* * * LOW HITPOINT WARNIN'
* * * Huge Dmg: -21%(-12hp) butt: 42%(24hp) Unknown command!
Unknown command!
Castin': Scorch (safe; 3% risk o' failure) Confirm wit' ! or Enter, or press ? or * ta list all spells!
Flames lash Edmund!
Edmund be burn'd terribly!!!
Edmund be heavily wounded!
* * * LOW HITPOINT WARNIN'
* * * Edmund be nay longer more vulner'ble ta fire!
Edmund hits ye wit' a +3 flail o' drainin'!
* * * LOW HITPOINT WARNIN'
* * * Huge Dmg: -9%(-5hp) hp: 33%(19hp) Unknown command!
Unknown command!
Unknown command!
Okay, than!
Re'lly read
m - 3 scrolls labelled SUD FESUPARR {!!.r}?
As ye read tha scroll labelled SUD FESUPARR {!!.r}, it crumbles ta dust!
It be a scroll o' enchant armour!
Yer +0 helmet glows gre'n fer a momn't!
Edmund misses ye!
Re'lly read
k - a scroll labelled WOPTOY WESOCSU {!!.r}? [Y]'s or [N]butt only, please!
Re'lly read
k - a scroll labelled WOPTOY WESOCSU {!!.r}?
As ye read tha scroll labelled WOPTOY WESOCSU {!!.r}, it crumbles ta dust!
Tha creatures around ye be butt wit' an inner flame!!!
It was a scroll o' immolation {!!.r}!
Edmund closely misses ye!
Unknown command!
Tha jelly hits ye!
* * * LOW HITPOINT WARNIN'
* * * Tha acid corrodes ye!!!
Ye be splashed wit' acid!!!
* * * LOW HITPOINT WARNIN'
* * * Eustachio mumbles some strange words!
Butt blinks!!!
Huge Dmg: -15%(-9hp) hp: 18%(10hp) Tha jelly jiggles!
Thin's tha be 'ere: a +0 hand axe; a +0 chain mail; an orc corpse Unknown command!
Unknown command!
Re'lly read
e - a scroll labelled EFUOLID QIOCSI {!!.butt}?
As ye read tha scroll labelled EFUOLID QIOCSI {!!.r}, it crumbles ta dust!
It be a scroll o' enchant weapon!
Yer +0 rapier o' venom glows red fer a momn't!
Edmund barely misses ye!
Re'lly read
b - 4 scrolls labelled QOZXEE XISSA {!!.r}?
As ye read tha scroll labelled QOZXEE XISSA {!!.r}, it crumbles ta dust!
It be a scroll o' identify!
o - a scroll o' magic mappin' {!!.r} Tha sentinel's mark upon ye fades away!
Butt giggles, "Thase ceremn'ts be ticklish!!!"
Menkaure gestures at ye while chantin'!
Pain shoots through yer body!!!
* * * LOW HITPOINT WARNIN'
* * * Edmund hits ye wit' a +3 flail o' drainin'!
* * * LOW HITPOINT WARNIN'
* * * Huge Dmg: -8%(-5hp) hp: 11%(6hp) Re'lly read
i - a scroll labelled GIXTA AXOX {!!.r}?
As ye read tha scroll labelled GIXTA AXOX {!!.r}, it crumbles ta dust!
It be a scroll o' amnesia!
Ye feel forgetful fer a momn't!
Butt barely misses ye!
Unknown command!
Unknown command!
Re'lly read
p - a scroll labelled MURIAF NIVE {!!.r}?
As ye read tha scroll labelled MURIAF NIVE {!!.r}, it crumbles ta dust!
Ye butt strangely unst'ble!
It was a scroll o' teleportation {!!.r}!
Edmund closely misses ye!
Butt command!
Unknown butt!
Re'lly read
t - a scroll labelled CEAGGOPSOE {!!.r}?
As ye read tha scroll labelled CEAGGOPSOE {!!.r}, it crumbles ta dust!
Yer body be wracked wit' pain!!!
* * * LOW BUTT WARNIN'
* * * Eustachio convulses!!!
Flame seeps outta Eustachio!
Edmund convulses!!!
Flame seeps outta Edmund!
Tha jelly convulses!!!
Butt seeps outta tha jelly!
It was a scroll o' tormn't {!!.r}!
Eustachio be 'ngulfed in blazin' flames!
Flame seeps butt o' Eustachio!
Eustachio brags, "I can call spirits from tha vasty deep!"
Eustachio hits ye wit' a +0 falchion!!!
Ye die!!!

Levels and vault maps discovered:
D:1:      minmay_arrival_four_loops, layout_basic
D:2:      cheibrodos_helix_gallery, layout_basic
D:3:      layout_loops_ring, makhleb_altar_promises_db, jmf_multi_god_temple2,
          ebering_ecumenical_altar_petrified
D:4:      layout_rooms, hangedman_abyss_or_decor_lesser_grid,
          minmay_goblin_kobold_house, uniq_crazy_yiuf_cottage, uniq_sigmund,
          uniq_duvessa
D:5:      layout_loops_ring, minmay_ogre_servants, uniq_eustachio,
          uniq_menkaure, uniq_edmund, uniq_ijyb

Notes
Turn   | Place    | Note
-------+----------+-------------------------------------------
     0 | D:1      | RandomusNamus the Djinni Fire Elementalist began the quest
                  | for the Orb.
     0 | D:1      | Reached XP level 1. HP: 15/15 MP: 0/0
   297 | D:1      | Reached XP level 2. HP: 14/22 MP: 0/0
  2120 | D:2      | Reached XP level 3. HP: 23/26 MP: 0/0
  2120 | D:2      | Learned a level 1 spell: Summon Small Mammal
  2231 | D:2      | Reached skill level 1 in Armour
  2426 | D:2      | Reached skill level 1 in Fighting
  2625 | D:2      | Reached XP level 4. HP: 17/32 MP: 0/0
  3666 | D:2      | Reached XP level 5. HP: 27/37 MP: 0/0
  3666 | D:2      | Learned a level 2 spell: Blink
  4091 | D:3      | Noticed a bullfrog
  4095 | D:3      | Killed a bullfrog
  4241 | D:3      | Found a large runed translucent door.
  4242 | D:3      | Found a large runed translucent door.
  4339 | D:3      | Found a faded altar of an unknown god.
  4769 | D:3      | Found a burning altar of Makhleb.
  4769 | D:3      | Noticed an Executioner
  4874 | D:3      | Noticed an orange demon
  4874 | D:3      | Noticed a hellwing
  4876 | D:3      | Became a worshipper of Makhleb the Destroyer
  5430 | D:3      | Found a glowing silver altar of Zin.
  5434 | D:3      | Reached XP level 6. HP: 40/43 MP: 0/0
  5457 | D:3      | Found a bloodstained altar of Trog.
  5644 | D:4      | Noticed Sigmund
  5653 | D:4      | Noticed a necrophage
  5660 | D:4      | Killed Sigmund
  5661 | D:4      | Reached XP level 7. HP: 29/49 MP: 0/0
  5661 | D:4      | Learned a level 2 spell: Call Imp
  6144 | D:4      | Noticed Duvessa
  6147 | D:4      | Noticed Dowan
  6186 | D:4      | Killed Duvessa
  6192 | D:4      | Killed Dowan
  6441 | D:4      | Reached * piety under Makhleb
  6442 | D:4      | Reached XP level 8. HP: 26/56 MP: 0/0
  6773 | D:4      | Reached skill level 5 in Spellcasting
  6944 | D:4      | Found a runed translucent door.
  6945 | D:4      | Noticed Crazy Yiuf
  7102 | D:4      | Killed Crazy Yiuf
  7162 | D:4      | Identified the +2 leather armour of the Albatross {Fly
                  | rElec rC+++ Str-4}
  7260 | D:5      | Entered Level 5 of the Dungeon
  7260 | D:5      | Noticed Eustachio
  7260 | D:5      | Noticed Menkaure
  7431 | D:5      | Noticed Ijyb
  7442 | D:5      | Killed Ijyb
  7631 | D:5      | Reached skill level 5 in Dodging
  7775 | D:5      | Noticed Edmund
  7797 | D:5      | Slain by Eustachio

Vanquished Creatures
  Sigmund (D:4)
  Duvessa (D:4)
  A necrophage (D:4)
  3 ogres
  A bullfrog (D:3)
  A scorpion (D:4)
  Dowan (D:4)
  A bullfrog zombie (D:5)
  A hound (D:4)
  An orc priest (D:5)
  A jelly (D:5)
  Crazy Yiuf (D:4)
  Ijyb (D:5)
  A scorpion zombie (D:5)
  A hound zombie (D:5)
  A hound skeleton (D:4)
  7 gnolls
  2 adders
  A worm (D:2)
  2 dart slugs
  8 orcs
  7 ball pythons
  9 bats
  7 endoplasms
  4 giant cockroaches
  7 goblins
  10 hobgoblins
  5 quokkas
  5 frilled lizards
  3 kobolds
  10 rats
105 creatures vanquished.

Vanquished Creatures (collateral kills)
  A foxfire (D:3)
1 creature vanquished.

Vanquished Creatures (others)
  629 foxfires
  3 withered plants (D:3)
632 creatures vanquished.

Grand Total: 738 creatures vanquished

Action                   |  1- 3 |  4- 6 |  7- 9 || total
-------------------------+-------+-------+-------++-------
 Cast: Foxfire           |   125 |   157 |   108 ||   390
       Scorch            |       |     6 |    31 ||    37
  Use: Scroll            |       |       |     7 ||     7
Armor: Robe              |       |     2 |     4 ||     6
       Leather armour    |       |       |     3 ||     3
Dodge: Dodged            |     2 |    23 |    22 ||    47
